 Dungeon Crawl Stone Soup version 0.30-a0-857-gcaf70739d4 (webtiles) character file.

Game seed: 5254658828581147093

30 FallingFreak the Grasshopper (level 3, 25/31 HPs)
             Began as an Armataur Warper on Mar 4, 2023.
             Quit the game on level 2 of the Dungeon on Mar 5, 2023.
             The game lasted 00:06:59 (1052 turns).

FallingFreak the Grasshopper (Armataur Warper)      Turns: 1052, Time: 00:07:00

Health: 25/31      AC:  4    Str: 16    XL:     3   Next: 5%
Magic:  6/6        EV:  9    Int: 15    God:
Gold:   34         SH:  0    Dex:  9    Spells: 2/6 levels left

rFire   . . .      SeeInvis .    a - +0 mace
rCold   . . .      Faith    .    (no shield)
rNeg    . . .      Spirit   .    o - +0 leather armour
rPois   .          Reflect  .    (no helmet)
rElec   .          Roll     +    (no cloak)
rCorr   .                        (no gloves)
Will    .....                    (no barding)
Stlth   +                        (no amulet)
HPRegen 0.25/turn                (no ring)
MPRegen 0.10/turn                (no ring)

@: no status effects
A: large, rugged brown scales 3, deformed body, armoured tail, roll, long
tongue, awkward tongue
a: no special abilities


You were on level 2 of the Dungeon.
You visited 1 branch of the dungeon, and saw 2 of its levels.

You collected 34 gold pieces.

Inventory:

Hand Weapons
 a - a +0 mace (weapon)
 b - a +0 dagger of pain
 k - a +3 dagger
Missiles
 d - 7 boomerangs of dispersal {!f}
 l - 3 javelins (quivered)
 n - 6 stones
Armour
 g - a +0 leather armour
 m - a +0 ring mail
 o - a +0 leather armour (worn)
Scrolls
 f - a scroll of blinking
 i - 2 scrolls of teleportation {unknown}
 j - 2 scrolls of immolation {unknown}
 p - a scroll of enchant armour {unknown}
Potions
 c - a potion of berserk rage {unknown}
 e - 2 potions of curing {unknown}
 h - a potion of heal wounds {unknown}


   Skills:
 + Level 2.1 Fighting
 + Level 2.1 Maces & Flails
 - Level 0.8 Throwing
 + Level 1.9 Armour
 - Level 1.3 Dodging
 + Level 2.1 Spellcasting
 + Level 3.2 Translocations


You had 2 spell levels left.
You knew the following spells:

 Your Spells              Type           Power      Damage    Failure   Level
c - Blink                 Tloc           22%        N/A       11%         2
Z - Lesser Beckoning      Tloc           22%        N/A       11%         2

Your spell library contained the following spells:

 Spells                   Type           Power      Damage    Failure   Level
 Sting                    Tmut/Pois      4%         1d3       26%         1
 Poisonous Vapours        Pois/Air       2%         N/A       38%         2
 Teleport Other           Tloc           11%        N/A       22%         3
 Vhi's Electric Charge    Tloc/Air       12%        N/A       38%         3
 Manifold Assault         Tloc           11%        N/A       56%         4
 Olgreb's Toxic Radiance  Pois           1%         N/A       95%         4


Dungeon Overview and Level Annotations

Branches:
Dungeon (2/15) Zot: 10943

Altars:


Innate Abilities, Weirdness & Mutations

You are completely covered in rugged brown scales. (AC +3, +7% HP)
Armour fits poorly on your strangely shaped body.
You have a long armoured tail.
You roll when moving toward enemies. (Rampage)
Your long tongue fully drains potion bottles. (2x potion effects)
Your tongue gives you trouble enunciating. (1.5x scroll delay)


Message History

You hit the adder.
The adder is lightly wounded.
The adder barely misses you. The adder bites you but does no damage.
Unknown command.
Hit: a) +0 mace
Press: ? - help, Dir - move target, f/p - adder
Aim: an adder (lightly wounded, about 62% to evade your +0 mace)
You closely miss the adder.
The adder is lightly wounded.
The adder bites you but does no damage.
Unknown command.
Hit: a) +0 mace
Press: ? - help, Dir - move target, f/p - adder
Aim: an adder (lightly wounded, about 62% to evade your +0 mace)
You hit the adder.
The adder is heavily wounded.
The adder bites you but does no damage. x2
Unknown command.
Hit: a) +0 mace
Press: ? - help, Dir - move target, f/p - adder
Aim: an adder (heavily wounded, about 62% to evade your +0 mace)
You hit the adder.
Your tail-slap misses the adder.
The adder is severely wounded.
The adder bites you. x2
Unknown command.
Hit: a) +0 mace
Press: ? - help, Dir - move target, f/p - adder
Aim: an adder (severely wounded, about 62% to evade your +0 mace)
You sock the adder!
You kill the adder!
You have reached level 3!
Your experience leads to an increase in your attributes!
Increase (s)trength, (i)ntelligence, or (d)exterity?
You feel clever. x2
Saving game... please wait.
Welcome back, FallingFreak the Armataur Warper.
Press ? for a list of commands and other information.
Welcome back, FallingFreak the Armataur Warper.
Press ? for a list of commands and other information.
Are you sure you want to abandon this character and quit the game? (Confirm with "yes".)

...##.............###.#
... #############@# #.#
. ## #.# #.# .. #.# #.#
#.#.# #.# #...# #+#
###........ #......S.
+........ #(.......
......... .........
.########


There were no monsters in sight!

Vanquished Creatures
  An adder (D:2)
  3 ball pythons (D:1)
  A giant cockroach (D:2)
  4 goblins
  4 kobolds (D:1)
  A quokka (D:1)
  A bat (D:1)
  3 frilled lizards (D:1)
  2 rats
20 creatures vanquished.

Notes
Turn   | Place    | Note
-------+----------+-------------------------------------------
     0 | D:1      | FallingFreak the Armataur Warper began the quest for the
                  | Orb.
     0 | D:1      | Reached XP level 1. HP: 18/18 MP: 3/3
   299 | D:1      | Reached XP level 2. HP: 22/25 MP: 4/4
   362 | D:1      | Learned a level 2 spell: Blink
   365 | D:1      | Learned a level 2 spell: Lesser Beckoning
  1051 | D:2      | Increase (s)trength, (i)ntelligence, or (d)exterity?
  1051 | D:2      | Reached XP level 3. HP: 25/31 MP: 6/6
  1051 | D:2      | Upgraded the game from 0.30-a0-847-g17996783a1 to
                  | 0.30-a0-857-gcaf70739d4
  1052 | D:2      | Quit the game

Illustrated notes

Levels and vault maps discovered:
D:1:      dpeg_arrival_ternary, layout_basic, corexii_corridor_pit,
          chequers_hall_statues_corner_a
D:2:      layout_basic, basic_altar, minmay_3d_cube

Skill      XL: |  1  2 |
---------------+-------+-----
Fighting       | 2 |  2.1
Maces & Flails | 2 |  2.1
Spellcasting   | 2 |  2.1
Throwing       | |  0.8
Armour         | |  1.9
Dodging        | |  1.3
Translocations | |  3.2

Action                     || total
---------------------------++-------
  Melee: Dagger            ||    36
         Mace              ||    18
         Tailslap          ||     8
  Throw: Stone             ||     6
         Javelin           ||     1
 Armour: Leather armour    ||    24
  Dodge: Dodged            ||    23

Table legend: (Time is in decaauts)
 A = Elapsed time spent in this place.
 B = Non-inter-level travel time spent in this place.
 C = Inter-level travel time spent in this place.
 D = Time resting spent in this place.
 E = Time spent auto-exploring this place.
 F = Levels seen in this place.
 G = Mean time per level.
                   A        B        C        D        E       F      G
               +--------+--------+--------+--------+--------+-----+--------+
         Total |   1056 |    908 |    148 |    129 |    585 |   2 |  528.0 |
       Dungeon |   1056 |    908 |    148 |    129 |    585 |   2 |  528.0 |
               +--------+--------+--------+--------+--------+-----+--------+

Top non-repeatable levels by time:
     D:1: 930 daAuts
     D:2: 126 daAuts
